 Dungeon Crawl Stone Soup version 0.16-a0-3540-gcd4db26 (webtiles) character file.

54 Kemay the Changer (level 3, -1/23 HPs)
             Began as an Octopode Transmuter on Jan 9, 2015.
             Slain by a giant newt (2 damage)
             ... on level 2 of the Dungeon.
             The game lasted 00:03:32 (1236 turns).

Kemay the Changer (Octopode Transmuter)             Turns: 1236, Time: 00:03:32

Health: -1/23      AC:  1    Str:  9    XL:     3   Next: 91%
Magic:  15/15      EV: 12    Int: 16    God:
Gold:   65         SH:  0    Dex: 12    Spells: 1 memorised, 5 levels left

rFire  . . .     SeeInvis .       - Unarmed
rCold  . . .     Clarity  .     (no shield)
rNeg   . . .     SustAb   .     (helmet restricted)
rPois  .         Gourm    .     (no amulet)
rElec  .         Spirit   .     f - ring of invisibility
rCorr  .         Warding  .     i - ring of magical power
rMut   .         Stasis   .     (no ring)
MR     .....                    (no ring)
Stlth  ++........               (no ring)
                                (no ring)
                                (no ring)
                                (no ring)

@: not resistant to hostile enchantments, unstealthy
A: almost no armour, amphibious, 8 rings, constrict 8, camouflage 1, gelatinous
body 1
a: Evoke Invisibility


You were on level 2 of the Dungeon.
You were not hungry.

You visited 1 branch of the dungeon, and saw 2 of its levels.

You collected 65 gold pieces.

Inventory:

Jewellery
 f - a ring of invisibility (left tentacle)
 i - a ring of magical power (right tentacle)
Potions
 e - a potion of restore abilities {unknown}
 h - a potion of resistance {unknown}
Books
 d - a book of Changes

   Spells                             Type                      Level
   a - Beastly Appendage              Transmutation                1
   b - Sticks to Snakes               Transmutation                2
   c - Spider Form                    Transmutation/Poison         3
   d - Ice Form                       Ice/Transmutation            4
   e - Blade Hands                    Transmutation                5
Comestibles
 a - 3 bread rations
 b - 2 chunks of flesh
 g - 2 meat rations


   Skills:
 - Level 1.0 Fighting
 - Level 2.0 Dodging
 - Level 3.0 Unarmed Combat
 - Level 2.0 Spellcasting
 + Level 4.0 Transmutations


You had 5 spell levels left.
You knew the following spells:

 Your Spells              Type           Power        Failure   Level  Hunger
a - Beastly Appendage     Trmt           ##....       4%          1    #......


Dungeon Overview and Level Annotations

Branches:
Dungeon (2/15)

Altars:


Innate Abilities, Weirdness & Mutations

You cannot wear most types of armour.
You are amphibious.
You can wear up to eight rings at the same time.
You can use your tentacles to constrict many enemies at once.
Your skin changes colour to match your surroundings (Stealth).
Your rubbery body absorbs attacks (AC +1).


Message History

The giant newt closely misses you.
You tentacle-slap the giant newt.
You kill the giant newt!
The goblin wields a hunting sling.
The goblin shoots a stone.
The stone hits you.
* * * LOW HITPOINT WARNING * * *
You tentacle-slap the giant newt.
You kill the giant newt!
The goblin shoots a stone.
The stone closely misses you.
You swing at nothing.
The goblin shoots a stone.
The stone barely misses you. The giant newt bites you.
* * * LOW HITPOINT WARNING * * *
The goblin unwields an uncursed hunting sling.
The goblin closely misses you.
Items here: )) / ? [[ ††† You tentacle-slap the goblin.
You kill the goblin!
Your tentacle spike disappears.
The giant newt bites you.
You die...

#.........#
#.........#####
#####.............#
...##.............#
...++.............#
.#.#.#.#........!.# .
..............##### ...
.#.#.#.#......#####......
...............(@l.......
.#.#.#.#......###)[......
..............# .......
.#.#.#.#......# .....##
..........##### .....#
#.#.# .. .....# . . .##..
.. . .


You could see a giant newt.

Vanquished Creatures
  Ijyb (D:2)
  Terence (D:2)
  A worm (D:2)
  2 giant geckos
  2 bats
  A giant cockroach (D:1)
  4 goblins
  4 giant newts
  4 rats (D:1)
20 creatures vanquished.

Notes
Turn   | Place    | Note
--------------------------------------------------------------
     0 | D:1      | Kemay, the Octopode Transmuter, began the quest for the Orb.
     0 | D:1      | Reached XP level 1. HP: 13/13 MP: 3/3
   296 | D:1      | Reached XP level 2. HP: 15/18 MP: 4/4
  1188 | D:2      | Noticed Ijyb
  1189 | D:2      | Noticed Terence
  1204 | D:2      | Killed Terence
  1204 | D:2      | Reached XP level 3. HP: 19/23 MP: 6/6
  1229 | D:2      | Killed Ijyb
  1229 | D:2      | Reached skill level 4 in Transmutations
  1235 | D:2      | HP: 1/23 [giant newt (2)]
  1236 | D:2      | Slain by a giant newt

Action                   || total
-------------------------++-------
Melee: Unarmed           ||    71
 Cast: Beastly Appendage ||     5
  Use: Scroll            ||     3
 Stab: Sleeping          ||     3
  Eat: Chunk             ||     1
